 Dungeon Crawl Stone Soup version 0.30-a0-58-gc0703345a7 (webtiles) character file.

Game seed: 2801703657861388293

413 flotson the Sneak (level 6, -1/48 HPs)
             Began as a Demonspawn Delver on Sept 11, 2022.
             Killed from afar by a steam dragon (12 damage)
             ... with a ball of steam
             ... on level 3 of the Dungeon.
             The game lasted 00:05:30 (4088 turns).

flotson the Sneak (Demonspawn Delver)               Turns: 4088, Time: 00:05:30

Health: -1/48      AC:  8    Str: 14    XL:     6   Next: 59%
Magic:  6/6        EV: 16    Int: 12    God:
Gold:   248        SH:  0    Dex: 14    Spells: 5/5 levels left

rFire   . . .      SeeInvis .    b - +3 dagger (elec)
rCold   + . .      Faith    .    (no shield)
rNeg    . . .      Spirit   .    k - +0 ring mail
rPois   .          Reflect  .    t - +2 hat
rElec   .          Harm     .    (no cloak)
rCorr   .          Rampage  .    o - +0 pair of gloves
Will    .....                    (no boots)
Stlth   ++........               (no amulet)
HPRegen 0.16/turn                m - ring of protection from cold
MPRegen 0.10/turn                (no ring)

@: agile, studying Throwing
A: powered by pain 2, condensation shield, demonic touch 1
a: no special abilities


You were on level 3 of the Dungeon.
You visited 1 branch of the dungeon, and saw 5 of its levels.

You collected 248 gold pieces.

Inventory:

Hand Weapons
 a - a +2 long sword of draining
 b - a +3 dagger of electrocution (weapon)
Missiles
 j - 2 boomerangs (quivered)
Armour
 k - a +0 ring mail (worn)
 o - a +0 pair of gloves (worn)
 t - a +2 hat (worn)
Jewellery
 m - a ring of protection from cold (left hand)
Wands
 g - a wand of digging (3)
 z - a wand of mindburst (15)
Scrolls
 c - a scroll of fog
 d - 2 scrolls of amnesia {unknown}
 e - 2 scrolls of fear
 f - a scroll of enchant weapon {unknown}
 h - 11 scrolls of identify {unknown}
 l - 4 scrolls of teleportation {unknown}
 n - 2 scrolls of brand weapon {unknown}
 r - 3 scrolls of butterflies {unknown}
 s - a scroll of torment {unknown}
 v - 2 scrolls of poison {unknown}
 y - a scroll of summoning {unknown}
 B - a scroll of blinking {unknown}
 C - a scroll of acquirement {unknown}
Potions
 i - 3 potions of flight {unknown}
 p - a potion of haste
 q - a potion of cancellation {unknown}
 u - 3 potions of resistance {unknown}
 w - a potion of heal wounds {unknown}
 x - 3 potions of curing {unknown}
 A - a potion of mutation {unknown}
 D - a potion of invisibility {unknown}


   Skills:
 + Level 4.2 Fighting
 - Level 1.7 Axes
 + Level 2.7 Throwing
 + Level 2.4 Armour
 + Level 3.2 Dodging
 - Level 4.5 Stealth
 + Level 2.8 Evocations


You had 5 spell levels left.
You didn't know any spells.
Your spell library contained the following spells:

 Spells                   Type           Power      Damage    Failure   Level
 Apportation              Tloc           0%         N/A       54%         1
 Sandblast                Erth           0%         2d4       54%         1
 Shock                    Conj/Air       0%         1d3       54%         1
 Passwall                 Tmut/Erth      0%         N/A       69%         2
 Stone Arrow              Conj/Erth      0%         3d7       89%         3
 Alistair's Intoxication  Tmut/Pois      0%         N/A       100%        5
 Freezing Cloud           Conj/Ice/Air   0%         6-21      100%        5
 Manifold Assault         Tloc           0%         N/A       100%        5
 Storm Form               Tmut/Air       0%         N/A       100%        7


Dungeon Overview and Level Annotations

Branches:
Dungeon (5/15)
 Temple: D:4-7

Altars:
Okawaru
Qazlal

Shops:
D:4 (


Innate Abilities, Weirdness & Mutations

You sometimes gain power by taking damage.
A meltable shield of frost defends you. (SH +0)
Your touch may inflict minor irresistible damage on your foes.


Message History

You hit the steam dragon.
Lightning courses through the steam dragon!
You touch the steam dragon!
The steam dragon is severely wounded.
The steam dragon breathes steam at you. The ball of steam hits you!
Your condensation shield dissipates!
The steam dragon misses you.
The steam dragon claws you but does no damage.
You barely miss the steam dragon.
The steam dragon is severely wounded.
The steam dragon barely misses you. The steam dragon claws you.
You hit the steam dragon but do no damage.
You touch the steam dragon.
The steam dragon is almost dead.
You are engulfed in a cloud of scalding steam.
The steam dragon breathes steam at you. The ball of steam hits you!!
* * * LOW HITPOINT WARNING * * *
You focus on the pain.
You feel agile all of a sudden.
You are too injured to fight recklessly!
Unknown command.
You are too injured to fight recklessly!
The steam dragon attacks as you move away!
The steam dragon bites you but does no damage.
The steam dragon barely misses you. The steam dragon barely misses you.
The steam dragon closely misses you.
You hit the steam dragon but do no damage.
The steam dragon is almost dead.
The steam dragon completely misses you. The steam dragon closely misses you.
You barely miss the steam dragon. Your touch misses the steam dragon.
The steam dragon is almost dead.
The steam dragon closely misses you.
The steam dragon claws you but does no damage.
You closely miss the steam dragon.
The steam dragon is almost dead.
The steam dragon breathes steam at you. The ball of steam hits you!
You die...

#.# ###.###
########.#######....
#...................
###.####.....#####.###
##.#.# #......D.......
##.#..####......####.###
#.###.).........# #
#..#..D.######### #.###
#.#....@..## #....
#...#####..## #####
#..#.###.#..# #
#.#.#.#.#.#.# #
#.##.#.#.##.# #
#.###.#.###.# #
#.##.#.#.##.############
#.#.#[#.#.#.............
#..#.###.#..############


You could see a steam dragon (catching breath).

Vanquished Creatures
  Sigmund (D:3)
  An orc warrior (D:3)
  An iguana (D:4)
  An orc wizard (D:3)
  2 adders
  4 worms
  3 dart slugs
  6 orcs
  3 ball pythons
  8 bats
  8 endoplasms
  2 giant cockroaches (D:1)
  11 goblins
  5 hobgoblins
  A quokka (D:4)
  6 frilled lizards
  7 kobolds
  4 rats
74 creatures vanquished.

Notes
Turn   | Place    | Note
-------+----------+-------------------------------------------
     0 | D:5      | flotson the Demonspawn Delver began the quest for the Orb.
     0 | D:5      | Reached XP level 1. HP: 18/18 MP: 1/1
    66 | D:5      | Noticed a jelly
   130 | D:5      | Noticed an orc wizard
   130 | D:5      | Noticed an orc priest
   195 | D:4      | Found Rulepleuts's Antique Weapon Shop.
   389 | D:5      | Noticed an ice beast
   421 | D:5      | Noticed an iguana
   618 | D:4      | Noticed an iguana
   653 | D:3      | Gained mutation: You sometimes gain a little power by
                  | taking damage. [demonic ancestry]
   653 | D:3      | Reached XP level 2. HP: 5/24 MP: 2/2
  1008 | D:1      | Reached skill level 1 in Evocations
  1190 | D:1      | Gained mutation: Your touch may inflict minor irresistible
                  | damage on your foes. [demonic ancestry]
  1190 | D:1      | Reached XP level 3. HP: 26/29 MP: 3/3
  1347 | D:1      | Reached skill level 1 in Armour
  1348 | D:1      | Reached skill level 1 in Throwing
  1944 | D:2      | Found a faded altar of an unknown god.
  1988 | D:2      | Gained mutation: You sometimes gain power by taking damage.
                  | [demonic ancestry]
  1988 | D:2      | Reached XP level 4. HP: 35/35 MP: 4/4
  2589 | D:3      | Found a stormy altar of Qazlal.
  2607 | D:3      | Found an iron altar of Okawaru.
  2893 | D:3      | Noticed Sigmund
  2913 | D:3      | Killed Sigmund
  2914 | D:3      | Gained mutation: A meltable shield of frost defends you.
                  | (SH +0) [demonic ancestry]
  2914 | D:3      | Reached XP level 5. HP: 18/42 MP: 5/5
  2914 | D:3      | Reached XP level 6. HP: 21/48 MP: 6/6
  2921 | D:3      | Noticed an orc warrior
  3137 | D:3      | Killed an orc warrior
  3183 | D:3      | Noticed a steam dragon
  3372 | D:4      | Got the Grimoire of the Hyperbolic Tempest
  4088 | D:3      | Killed from afar by a steam dragon

Illustrated notes

Levels and vault maps discovered:
D:1:      psy_arrival_statuary, layout_rooms, chequers_serial_rivers_small_a
D:2:      kennysheep_the_goblin_king, layout_basic,
          chequers_ecumenical_altar_simple
D:3:      layout_loops_ring, trog_book, lemuel_doored_altar, okawaru_gym_becter,
          minmay_circle_x, uniq_sigmund
D:4:      layout_loops_cross, nicolae_take_the_stairs
D:5:      layout_gridville, minitemple, kennysheep_generic_room_4

Skill      XL: |  1  2  3  4 |
---------------+-------------+-----
Dodging        | 2 3 |  3.2
Evocations     | 1 2 |  2.8
Armour         | 1 2 |  2.4
Throwing       | 1 2 |  2.7
Fighting       | 4 |  4.2
Axes           | |  1.7
Stealth        | |  4.5

Action                   |  1- 3 |  4- 6 || total
-------------------------+-------+-------++-------
Melee: Hand axe          |    58 |       ||    58
       Short sword       |    29 |    61 ||    90
       Touch             |    13 |    18 ||    31
       Punch             |     2 |       ||     2
       Dagger            |       |    30 ||    30
Throw: Boomerang         |     3 |     1 ||     4
  Use: Scroll            |     1 |       ||     1
       Potion            |     1 |       ||     1
 Stab: Sleeping          |     4 |     3 ||     7
       Distracted        |     1 |       ||     1
Armor: Ring mail         |    36 |    43 ||    79
Dodge: Dodged            |    59 |    45 ||   104
Block: Other             |       |     4 ||     4

Table legend: (Time is in decaauts)
 A = Elapsed time spent in this place.
 B = Non-inter-level travel time spent in this place.
 C = Inter-level travel time spent in this place.
 D = Time resting spent in this place.
 E = Time spent auto-exploring this place.
 F = Levels seen in this place.
 G = Mean time per level.
                   A        B        C        D        E       F      G
               +--------+--------+--------+--------+--------+-----+--------+
         Total |   4095 |   4007 |     88 |    324 |   2947 |   5 |  819.0 |
       Dungeon |   4095 |   4007 |     88 |    324 |   2947 |   5 |  819.0 |
               +--------+--------+--------+--------+--------+-----+--------+

Top non-repeatable levels by time:
     D:3: 1353 daAuts
     D:2: 909 daAuts
     D:4: 837 daAuts
     D:1: 564 daAuts
     D:5: 430 daAuts
